 Dungeon Crawl Stone Soup version 0.28-a0-883-gc8d7bad45d (webtiles) character file.

Game seed: 938836130479977823

1438 Anon1729 the Insei (level 8, -1/81 HPs)
             Began as an Octopode Transmuter on Nov 21, 2021.
             Was an Initiate of Ru.
             Slain by an orc wizard (2 damage)
             ... on level 6 of the Dungeon.
             The game lasted 00:09:02 (8524 turns).

Anon1729 the Insei (Octopode Transmuter)            Turns: 8524, Time: 00:09:03

Health: -1/81      AC:  1    Str: 10    XL:     8   Next: 74%
Magic:  14/14      EV: 14    Int: 17    God:    Ru [......]
Gold:   262        SH:  0    Dex: 12    Spells: 12/15 levels left

rFire   . . .      SeeInvis .     - Unarmed
rCold   . . .      Faith    .   (no shield)
rNeg    . . .      Spirit   .   (helmet restricted)
rPois   .          Reflect  +   e - amulet of reflection
rElec   .          Harm     .   (no ring)
rCorr   .          Rampage  .   (no ring)
Will    .....                   (no ring)
Stlth   ..........              (no ring)
HPRegen 0.23/turn               (no ring)
MPRegen 0.14/turn               (no ring)
                                (no ring)
                                (no ring)

@: confused, berserking (expiring), flying, very quick
A: almost no armour, amphibious, 8 rings, camouflage 1, gelatinous body 1,
(nimble swimmer 1), tentacles
a: Renounce Religion


You were on level 6 of the Dungeon.
You worshipped Ru.
Ru was noncommittal.
You visited 2 branches of the dungeon, and saw 7 of its levels.

You collected 264 gold pieces.
You donated 2 gold pieces to Zin.

Inventory:

Jewellery
 e - an amulet of reflection (around mantle)
 k - an amulet of guardian spirit
 q - an amulet of faith
Scrolls
 a - a scroll of holy word {unknown}
 b - 4 scrolls of identify {unknown}
 g - a scroll of teleportation {unknown}
 j - 2 scrolls of fear {unknown}
 m - a scroll of fog {unknown}
 n - a scroll of enchant weapon {unknown}
 o - a scroll of blinking {unknown}
Potions
 c - a potion of heal wounds
 d - a potion of mutation {unknown}
 f - 2 potions of flight
 h - a potion of magic {unknown}
 i - a potion of berserk rage
 l - a potion of lignification {unknown}


   Skills:
 + Level 3.8 Fighting
 + Level 4.3 Dodging
 + Level 4.3 Stealth
 * Level 6.0 Unarmed Combat
 + Level 4.0 Spellcasting
 * Level 5.4 Transmutations


You had 12 spell levels left.
You knew the following spells:

 Your Spells              Type           Power      Damage    Failure   Level
a - Beastly Appendage     Tmut           44%        N/A       1%          1
b - Wereblood             Tmut           22%        N/A       2%          2

Your spell library contained the following spells:

 Spells                   Type           Power      Damage    Failure   Level
 Spider Form              Tmut/Pois      12%        N/A       16%         3
 Ice Form                 Ice/Tmut       12%        N/A       45%         4


Dungeon Overview and Level Annotations

Branches:
Dungeon (6/15)             Temple (1/1) D:5

Altars:
Ashenzari
Cheibriados
Dithmenos
Elyvilon
Fedhas
Gozag
Hepliaklqana
Nemelex Xobeh
Okawaru
Qazlal
Ru
Sif Muna
Trog
Uskayaw
Wu Jian
Yredelemnul
Zin
The Shining One

Annotations:
D:2 Pikel


Innate Abilities, Weirdness & Mutations

You cannot wear most types of armour.
You are amphibious.
You can wear up to eight rings at the same time.
Your skin changes colour to match your surroundings (Stealth+).
Your rubbery body absorbs attacks. (AC +1, EV +1)
((You are camouflaged near water. (Stealth+)))
You have tentacles for arms and can constrict up to eight enemies at once.


Message History

Your Unarmed Combat skill increases to level 6!
You barely miss something.
You hear some strange, mumbled words.
Something tries to affect you, but you resist.
Okay, then.
Aiming: Paralyse
Press: ? - help, Shift-Dir - straight line Nothing appears to happen.
You block something's attack.
You miss something. Something hits you.
* * * LOW HITPOINT WARNING * * *
A magic dart appears from out of thin air!
The magic dart hits you.
* * * LOW HITPOINT WARNING * * *
Aiming: Paralyse
Press: ? - help, Shift-Dir - straight line Nothing appears to happen.
The now-empty wand crumbles to dust.
You hear some strange, mumbled words.
You are confused.
It was a potion of flight.
You feel very buoyant.
You fly up into the air.
It was a potion of berserk rage.
A red film seems to cover your vision as you go berserk!
You feel yourself moving faster!
You feel mighty! Something hits you.
* * * LOW HITPOINT WARNING * * *
You bump into the rock wall.
You feel a strong urge to attack something.
Something hits you.
* * * LOW HITPOINT WARNING * * *
You feel your anger nearly subside. Something hits you.
* * * LOW HITPOINT WARNING * * *
You completely miss something. Your squeeze misses something.
Something hits you.
* * * LOW HITPOINT WARNING * * *
You are too berserk!
Unknown command.
You bump into the rock wall.
You barely miss something. Your squeeze misses something. Something hits you.
You die...

(...).#
#)....#
#.....#
.....
#...
###))##
#.....#
#....{#
#....@#
#.....#
#####.##
#..#
##.#
#.##
#..#
##.##
#..#


There were no monsters in sight!

Vanquished Creatures
  Menkaure (D:6)
  A water moccasin (D:5)
  An ogre (D:5)
  A necrophage (D:5)
  A phantom (D:5)
  2 lemures (D:4)
  A kobold brigand (D:5)
  A scorpion (D:5)
  A water moccasin skeleton (D:5)
  3 killer bees
  2 bullfrog zombies (D:5)
  2 hounds
  A centaur skeleton (D:5)
  2 orc priests
  2 bullfrog skeletons (D:5)
  A jelly (D:6)
  4 orc wizards
  A scorpion zombie (D:5)
  Natasha (twice) (D:4)
  2 hound skeletons
  3 gnolls (D:5)
  A howler monkey skeleton (D:5)
  2 adders
  A shadow imp (D:6)
  A white imp (D:5)
  An adder skeleton (D:2)
  A worm (D:2)
  2 dart slugs
  10 orcs
  2 bats
  9 endoplasms
  3 giant cockroaches
  9 hobgoblins
  A quokka (D:2)
  6 frilled lizards
  10 goblins
  5 kobolds
  2 rats
101 creatures vanquished.

Notes
Turn   | Place    | Note
-------+----------+-------------------------------------------
     0 | D:1      | Anon1729 the Octopode Transmuter began the quest for the
                  | Orb.
     0 | D:1      | Reached XP level 1. HP: 13/13 MP: 3/3
   475 | D:1      | Reached XP level 2. HP: 10/18 MP: 5/5
   610 | D:1      | Learned a level 2 spell: Wereblood
   680 | D:1      | Found a faded altar of an unknown god.
   696 | D:1      | Prayed at the altar of an unknown god.
   696 | D:1      | Became a worshipper of Zin the Law-Giver
   696 | D:1      | Reached * piety under Zin
   697 | D:1      | Fell from the grace of Zin
  1408 | D:2      | Reached XP level 3. HP: 17/23 MP: 6/6
  2229 | D:3      | Reached XP level 4. HP: 28/29 MP: 7/7
  2431 | D:3      | Found a broken altar of Ashenzari.
  3087 | D:4      | Reached XP level 5. HP: 34/34 MP: 7/9
  3090 | D:4      | Noticed Natasha
  3103 | D:4      | Killed Natasha
  3104 | D:4      | Reached skill level 1 in Stealth
  3268 | D:4      | Noticed Natasha
  3276 | D:4      | Killed Natasha
  3277 | D:4      | Reached skill level 4 in Unarmed Combat
  3277 | D:4      | Reached XP level 6. HP: 29/40 MP: 10/10
  3490 | D:4      | Found an ornate altar of the Wu Jian Council.
  3509 | D:4      | Noticed Pikel
  4457 | D:4      | Found a glowing silver altar of Zin.
  4459 | D:4      | Found a white marble altar of Elyvilon.
  4461 | D:4      | Found a glowing golden altar of the Shining One.
  4657 | D:5      | Entered Level 5 of the Dungeon
  4961 | D:5      | Found a staircase to the Ecumenical Temple.
  4970 | Temple   | Entered the Ecumenical Temple
  5193 | Temple   | Became a worshipper of Ru the Awakened
  5892 | D:5      | Noticed a necrophage
  5905 | D:5      | Killed a necrophage
  5906 | D:5      | Reached XP level 7. HP: 24/45 MP: 11/11
  6481 | D:5      | Reached skill level 5 in Unarmed Combat
  6752 | D:5      | Reached XP level 8. HP: 16/52 MP: 13/13
  7434 | D:5      | Reached skill level 5 in Transmutations
  8261 | D:6      | Noticed Menkaure
  8270 | D:6      | Killed Menkaure
  8511 | D:6      | Reached skill level 6 in Unarmed Combat
  8522 | D:6      | HP: 1/81 [something (5)]
  8524 | D:6      | Slain by an orc wizard

Illustrated notes

Levels and vault maps discovered:
D:1:      lightli_arrival_isolated_outpost, layout_rooms,
          chequers_ecumenical_altar_island, minmay_tromino_v4_b
D:2:      wander_river, layout_basic
D:3:      layout_rooms, nicolae_overflow_crystal_walls
D:4:      layout_loops_cross, good_gods_temple_1, nicolae_wu_jian_glorious_leap,
          uniq_pikel, uniq_natasha, uniq_blork_the_orc
D:5:      layout_basic, minmay_temple_entry_statues_pillars, grunt_tough_drop
D:6:      layout_basic, minivault_14, uniq_menkaure, uniq_grinder,
          uniq_prince_ribbit1
Temple:   nicolae_temple_figure_eight

Skill      XL: |  1  2  3  4  5  6  7  8 |
---------------+-------------------------+-----
Fighting       | 2 3 |  3.8
Transmutations | 3 4 5 |  5.4
Dodging        | 3 4 |  4.3
Stealth        | 1 2 3 4 |  4.3
Unarmed Combat | 4 5 6 |  6.0
Spellcasting   | 3 4 |  4.0

Action                   |  1- 3 |  4- 6 |  7- 9 || total
-------------------------+-------+-------+-------++-------
Melee: Unarmed           |    87 |   160 |   138 ||   385
       Constrict         |    27 |    26 |    19 ||    72
       Tentacles         |    17 |    39 |    26 ||    82
       Punch             |     2 |     7 |     2 ||    11
       Kick              |       |     5 |     2 ||     7
 Cast: Beastly Appendage |       |     2 |     2 ||     4
Invok: Renounce Religion |     1 |       |       ||     1
Evoke: Wand              |       |       |     2 ||     2
  Use: Potion            |       |       |     2 ||     2
 Stab: Sleeping          |     4 |     4 |     4 ||    12
Armor: Skin              |     6 |     8 |     4 ||    18
Dodge: Dodged            |    39 |    58 |    60 ||   157
Block: Other             |     4 |    23 |    29 ||    56

Table legend: (Time is in decaauts)
 A = Elapsed time spent in this place.
 B = Non-inter-level travel time spent in this place.
 C = Inter-level travel time spent in this place.
 D = Time resting spent in this place.
 E = Time spent auto-exploring this place.
 F = Levels seen in this place.
 G = Mean time per level.
                   A        B        C        D        E       F      G
               +--------+--------+--------+--------+--------+-----+--------+
         Total |   8499 |   8350 |    149 |   1879 |   5110 |   7 | 1214.1 |
       Dungeon |   8054 |   7919 |    135 |   1676 |   4903 |   6 | 1342.3 |
        Temple |    444 |    430 |     14 |    203 |    207 |   1 |  444.0 |
               +--------+--------+--------+--------+--------+-----+--------+

Top non-repeatable levels by time:
     D:5: 2513 daAuts
     D:1: 1606 daAuts
     D:3: 1284 daAuts
     D:2: 1080 daAuts
     D:6: 891 daAuts
     D:4: 679 daAuts
  Temple: 444 daAuts
